Map: 사이버 포레스트 - 래더

Players

SuperNova

  • Race: Terran Terran
  • League: Grandmaster
  • Spawn Location: 5:00

Zest - Winner!

  • Race: Protoss Protoss
  • League: Master
  • Spawn Location: 11:00

VOD

Have the link to the VOD?

Description

Time

  • Played on: Aug. 8, 2019, 6:37 a.m.
  • Length: 12:13
Show
View Real Time Build Order
Export as new Build Order

SuperNova Terran 

Build Orders: Gas First Reaper Expand, Mech 

Get SALT Encoding   

  12  0:00  SCV  
  13  0:12  SCV  
  14  0:19  Supply Depot  
  14  0:24  SCV  
  15  0:30  Refinery  
  15  0:41  SCV  
  16  0:44  Barracks  
  16  0:53  SCV  
  17  1:05  SCV  
  18  1:17  SCV  
  19  1:31  Orbital Command, Reaper  
  20  1:50  Command Center  
  20  1:58  SCV  
  21  2:04  Factory  
  21  2:09  Barracks Reactor  
  21  2:13  Refinery  
  21  2:14  SCV  
  22  2:21  Supply Depot  
  22  2:27  SCV  
  23  2:46  SCV  
  23  2:49  Starport  
  24  2:58  SCV  
  24  3:10  SCV  
  24  3:22  SCV  
  24  3:26  Hellion x2  
  29  3:29  Barracks Tech Lab  
  29  3:31  Medivac  
  29  3:33  Supply Depot  
  30  3:34  SCV  
  31  3:46  SCV  
  31  3:48  Hellion x2  
  36  3:58  SCV  
  37  4:03  Liberator  
  40  4:10  SCV  
  40  4:19  Hellion  
  40  4:20  Hellion  
  40  4:23  SCV  
  43  4:30  Orbital Command  
  41  4:35  SCV  
  42  4:47  SCV  
  42  4:51  Siege Tank  
  42  4:52  Bunker  
  44  4:55  Marine x2  
  44  4:59  SCV  
  47  5:00  SCV  
  48  5:11  SCV  
  48  5:12  SCV, Marine  
  48  5:13  Marine  
  51  5:16  Supply Depot  
  51  5:23  SCV  
  51  5:27  SCV  
  47  5:28  Siege Tank  
  47  5:30  Marine  
  47  5:32  Marine  
  47  5:35  SCV  
  50  5:39  SCV  
  51  5:44  Command Center  
  51  5:46  Refinery  
  51  5:49  Refinery, SCV  
  52  5:50  Marine  
  52  5:51  SCV  
  52  5:52  Marine  
  55  5:59  Starport  
  55  6:00  Siege Tank  
  55  6:03  SCV  
  57  6:06  SCV  
  57  6:08  Marine  
  57  6:11  Supply Depot  
  59  6:13  Marine  
  59  6:15  SCV  
  59  6:18  SCV, Supply Depot  
  62  6:22  Supply Depot  
  61  6:26  Marine  
  61  6:28  SCV  
  61  6:30  SCV  
  61  6:32  Siege Tank  
  58  6:40  SCV  
  58  6:41  Marine  
  58  6:42  SCV  
  58  6:43  Starport Tech Lab  
  58  6:51  Marine  
  58  6:53  SCV  
  57  6:54  SCV  
  58  7:02  Raven  
  58  7:04  Siege Tank, Command Center  
  58  7:05  SCV  
  58  7:06  SCV  
  65  7:16  Supply Depot  
  65  7:17  SCV  
  65  7:18  SCV, Supply Depot  
  67  7:23  Marine x2  
  67  7:29  Factory, SCV  
  70  7:30  Factory, SCV  
  69  7:38  Siege Tank  
  69  7:41  SCV, Marine x2  
  69  7:42  SCV, Supply Depot  
  76  7:51  Armory  
  76  7:53  SCV  
  76  7:54  SCV  
  76  7:55  Armory  
  76  7:57  Starport Reactor  
  78  8:04  Engineering Bay  
  78  8:05  SCV  
  79  8:07  SCV  
  79  8:10  Siege Tank  
  83  8:17  SCV  
  83  8:19  SCV, Supply Depot  
  85  8:21  Orbital Command  
  85  8:26  Siege Tank, Widow Mine  
  90  8:29  SCV  
  91  8:39  Missile Turret  
  91  8:40  Missile Turret  
  91  8:42  Missile Turret x2  
  91  8:43  Terran Vehicle Weapons Level 1  
  91  8:45  Terran Vehicle And Ship Armor Level 1  
  91  8:51  Orbital Command  
  91  8:52  Siege Tank, Widow Mine  
  91  8:53  Widow Mine  
  98  9:01  SCV  
  99  9:05  Siege Tank  
  99  9:09  SCV  
  103  9:13  Bunker, SCV  
  103  9:15  Widow Mine  
  103  9:16  Bunker, Widow Mine  
  108  9:17  Drilling Claws  
  108  9:23  Bunker  
  108  9:27  Refinery, SCV x2, Siege Tank  
  108  9:30  SCV  
  114  9:31  Refinery  
  114  9:33  Liberator  
  117  9:38  Supply Depot  
  117  9:40  Supply Depot, Liberator  
  117  9:42  SCV  
  121  9:47  Sensor Tower  
  121  9:48  Widow Mine  
  123  10:00  Siege Tank  
  123  10:01  Widow Mine  
  128  10:08  Hellion  
  128  10:11  Command Center  
  130  10:16  SCV x2  
  130  10:17  SCV, Starport x2  
  133  10:23  Supply Depot  
  133  10:25  Widow Mine x2  
  137  10:28  SCV  
  137  10:33  Fusion Core  
  138  10:42  Supply Depot  
  138  10:49  Supply Depot  
  138  10:50  Liberator  
  138  10:54  Supply Depot  
  138  10:55  Supply Depot  
  134  10:57  Siege Tank  
  134  11:01  Widow Mine  
  102  11:06  Supply Depot  
  84  11:17  Missile Turret  
  80  11:21  Widow Mine  
  80  11:22  SCV x2  
  80  11:25  Orbital Command  
  82  11:29  Missile Turret  
  82  11:31  Widow Mine  
  84  11:38  Starport Tech Lab x2  
  90  11:43  SCV x2  
  92  11:47  Refinery  
Show
View Real Time Build Order
Export as new Build Order

Zest Protoss - Winner!

Build Orders: 1 Gate Expand 

Get SALT Encoding   

  12  0:00  Probe  
  13  0:13  Probe  
  14  0:18  Pylon  
  14  0:24  Probe  
  15  0:32  Probe  
  15  0:40  Probe, Gateway  
  16  0:48  Assimilator  
  17  0:51  Probe  
  18  1:03  Probe  
  19  1:15  Probe  
  20  1:27  Cybernetics Core  
  20  1:35  Nexus  
  20  1:38  Probe  
  21  1:45  Pylon  
  21  1:50  Probe  
  21  1:52  Assimilator  
  21  1:53  Adept  
  22  2:02  Probe  
  22  2:05  Warp Gate  
  25  2:13  Adept  
  25  2:14  Probe  
  25  2:26  Probe  
  28  2:32  Twilight Council  
  28  2:35  Adept  
  28  2:39  Probe  
  29  2:48  Probe  
  29  2:51  Probe  
  33  2:56  Resonating Glaives  
  33  3:00  Probe  
  33  3:03  Probe  
  33  3:05  Adept  
  37  3:19  Gateway  
  35  3:21  Gateway  
  35  3:28  Probe  
  35  3:29  Probe  
  37  3:35  Pylon  
  37  3:40  Probe  
  37  3:41  Probe  
  39  3:52  Probe  
  39  3:53  Probe  
  41  3:59  Pylon  
  41  4:01  Stalker  
  43  4:04  Probe  
  43  4:05  Probe  
  43  4:07  Robotics Facility  
  45  4:16  Probe  
  44  4:17  Probe  
  44  4:19  Stalker x2  
  44  4:20  Blink  
  45  4:31  Stalker  
  45  4:36  Nexus  
  47  4:40  Pylon  
  47  4:43  Probe x2  
  49  4:49  Observer  
  49  4:53  Assimilator  
  49  4:57  Adept x3  
  56  5:04  Probe x2  
  58  5:12  Pylon  
  58  5:18  Stalker x3  
  51  5:31  Probe x2  
  53  5:40  Probe  
  53  5:43  Probe  
  53  5:46  Observer  
  53  5:48  Probe  
  55  5:51  Probe  
  55  5:56  Observer, Probe  
  58  5:58  Probe  
  58  6:02  Probe  
  56  6:08  Probe  
  56  6:10  Probe x2  
  58  6:13  Adept x3  
  65  6:18  Probe  
  65  6:20  Probe  
  65  6:22  Probe  
  65  6:23  Forge  
  68  6:33  Probe  
  68  6:38  Protoss Ground Armor Level 1  
  67  6:40  Probe x2  
  67  6:45  Probe  
  70  6:52  Observer, Gateway  
  70  6:53  Gateway  
  68  6:54  Probe  
  68  6:55  Probe, Gateway  
  68  6:58  Probe  
  71  7:03  Probe  
  71  7:04  Charge, Probe  
  73  7:09  Gateway x2  
  73  7:12  Probe  
  73  7:14  Probe  
  73  7:15  Probe  
  74  7:19  Pylon  
  74  7:21  Probe, Assimilator  
  76  7:23  Assimilator  
  76  7:26  Probe  
  76  7:27  Probe  
  79  7:31  Probe  
  80  7:38  Probe  
  80  7:41  Probe  
  80  7:42  Probe  
  83  7:44  Nexus  
  83  7:45  Pylon  
  83  7:49  Observer, Templar Archives  
  83  7:50  Probe  
  85  7:53  Probe  
  85  7:54  Sentry x3, Probe  
  93  8:01  Observer  
  93  8:02  Probe  
  93  8:05  Probe  
  95  8:06  Pylon, Protoss Ground Armor Level 2  
  95  8:07  Assimilator  
  95  8:10  Probe  
  96  8:13  Observer  
  96  8:14  Probe  
  96  8:17  Pylon  
  98  8:21  Probe  
  98  8:22  Probe  
  98  8:27  Probe  
  101  8:30  Psionic Storm  
  101  8:34  Observer  
  101  8:35  Probe x2  
  101  8:38  Forge, Warp Prism  
  101  8:39  Probe, High Templar x3  
  101  8:40  High Templar  
  114  8:46  Protoss Ground Weapons Level 1  
  114  8:55  Gateway x2  
  114  8:58  Gateway  
  114  8:59  Gateway  
  114  9:04  High Templar x2  
  114  9:05  Zealot x2  
  122  9:12  Immortal  
  122  9:18  Archon  
  122  9:24  Zealot x4  
  130  9:27  Zealot x2  
  138  9:39  Photon Cannon  
  138  9:41  Pylon  
  138  9:42  Pylon x2  
  138  9:45  High Templar  
  140  10:01  High Templar  
  140  10:02  Zealot x10  
  162  10:07  Pylon  
  162  10:09  Nexus, Archon  
  162  10:12  Pylon  
  162  10:18  Zealot  
  162  10:20  Pylon  
  164  10:22  Pylon  
  164  10:25  Immortal  
  168  10:31  Stalker x6  
  180  10:37  Pylon  
  180  10:38  Pylon, Zealot x4  
  188  10:42  Stalker x2  
  138  11:04  Observer  
  138  11:05  Observer  
  111  11:11  Stalker x4  
  111  11:12  Stalker x7  
  133  11:19  Stalker  
  130  11:36  Probe x5  
  130  11:39  Zealot  
  137  11:40  Zealot x10  
  131  12:04  Stalker x3, Zealot x8  
  131  12:05  Zealot  
Tags
 
Add a new tag
Caveats
  • Supply blocks, unpowered buildings, or Contaminate may cause inaccurate times.
  • Supply counts are checked every 10 seconds.